 Dungeon Crawl Stone Soup version 0.16.2-12-gd0ad4c3 (webtiles) character file.

130 tap556 the Sneak (level 5, 0/34 HPs)
             Began as a Halfling Assassin on Sept 17, 2015.
             Slain by Eustachio
             ... wielding a +0 rapier
              (8 damage)
             ... on level 4 of the Dungeon on Sept 22, 2015.
             The game lasted 00:16:53 (3207 turns).

tap556 the Sneak (Halfling Assassin)                Turns: 3207, Time: 00:16:53

Health: 0/34       AC:  6    Str: 11      XL:     5   Next: 36%
Magic:  5/5        EV: 13    Int: 10      God:
Gold:   209        SH:  0    Dex: 12 (17) Spells: 0 memorised, 4 levels left

rFire  + . .     SeeInvis .     a - +2 dagger
rCold  . . .     Clarity  .     x - +1 leather armour
rNeg   . . .     SustAb   .     (no shield)
rPois  .         Gourm    .     (no helmet)
rElec  .         Spirit   .     d - +0 cloak
rCorr  .         Warding  .     v - +0 pair of gloves
rMut   .         Stasis   .     (no boots)
MR     .....                    (no amulet)
Stlth  +++.......               (no ring)
                                s - ring of protection from fire

@: slowed, very slow, not resistant to hostile enchantments, fairly stealthy
A: mutation resistance 1
a: no special abilities


You were on level 4 of the Dungeon.
You were not hungry.

You visited 1 branch of the dungeon, and saw 4 of its levels.

You collected 209 gold pieces.

Inventory:

Hand weapons
 a - a +2 dagger (weapon)
 b - a +0 blowgun
 w - a +0 hunting sling
Missiles
 k - 34 stones (quivered)
 y - 2 tomahawks
Armour
 d - a +0 cloak (worn)
 v - a +0 pair of gloves (worn)
 x - a +1 leather armour (worn)
Jewellery
 s - a ring of protection from fire (left hand)
Magical devices
 c - a wand of magic darts (7)
Scrolls
 i - 2 scrolls of identify
 j - 2 scrolls of remove curse
Potions
 l - a potion of brilliance {unknown}
 n - 2 potions of heal wounds
 q - a potion of haste {unknown}
 r - 2 potions of curing {unknown}
Comestibles
 f - a chunk of flesh
 g - 2 bread rations
 h - a meat ration


   Skills:
 - Level 1.7 Fighting
 + Level 5.0 Short Blades
 - Level 2.6 Throwing
 - Level 1.1 Dodging
 - Level 6.1 Stealth


You had 4 spell levels left.
You didn't know any spells.

Dungeon Overview and Level Annotations

Branches:
Dungeon (4/15)
 Temple: D:4-7

Altars:
Dithmenos
Ru

Shops:
D:4 :

Annotations:
D:4 Eustachio, Natasha


Innate Abilities, Weirdness & Mutations

You are small and have problems with some larger weapons.
You are somewhat resistant to further mutation.


Message History

The iron imp disappears in a puff of smoke!
Natasha mumbles some strange words.
Read which item? (? for menu, Esc to quit)
You can't read that!
Unknown command.
Unknown command.
Unknown command.
Read which item? (? for menu, Esc to quit)
As you read the scroll of teleportation, it crumbles to dust.
You feel strangely unstable.
The shadow imp hits you but does no damage.
The shadow imp closely misses you.
Level annotation: Eustachio, Natasha Welcome back, tap556 the Halfling Assassin.
Press ? for a list of commands and other information.
Your surroundings suddenly seem different.
Eustachio shouts!
Eustachio misses you. Eustachio hits you but does no damage.
Eustachio hits you with a rapier!
You die...

### #.# # ##.# #. #..#
.. #..### #.#
##..@.### ####...
##..@....######......
#....................
#..<......(....)...(.
#................####.
#######..........# §.
#.###......##§§§ ###
###..(.#§§§§
#.....§§§§ ##.b....§.


You could see Eustachio.

Vanquished Creatures
  A river rat (D:4)
  6 adders
  A worm (D:2)
  An adder skeleton (D:4)
  2 oozes
  An orc (D:3)
  9 bats
  A giant cockroach (D:3)
  7 goblins
  7 hobgoblins
  9 jackals
  4 giant geckos
  3 giant newts (D:1)
  3 kobolds (D:1)
  3 quokkas
  5 rats
63 creatures vanquished.

Notes
Turn   | Place    | Note
--------------------------------------------------------------
     0 | D:1      | tap556, the Halfling Assassin, began the quest for the Orb.
     0 | D:1      | Reached XP level 1. HP: 14/14 MP: 1/1
    55 | D:1      | Reached XP level 2. HP: 19/19 MP: 2/2
   139 | D:1      | Reached skill level 5 in Stealth
   537 | D:1      | Reached XP level 3. HP: 24/24 MP: 3/3
  1140 | D:2      | Reached skill level 6 in Stealth
  1157 | D:2      | Reached XP level 4. HP: 22/29 MP: 4/4
  1544 | D:3      | Found a sacrificial altar of Ru.
  2353 | D:3      | Reached XP level 5. HP: 34/34 MP: 5/5
  2406 | D:3      | Found a sacrificial altar of Ru.
  2668 | D:4      | Noticed Eustachio
  2682 | D:4      | Found a shadowy altar of Dithmenos.
  2785 | D:4      | Found Yfab's Book Shop.
  3055 | D:4      | Reached skill level 5 in Short Blades
  3184 | D:4      | Noticed Natasha
  3207 | D:4      | Slain by Eustachio

Action                   |  1- 3 |  4- 6 || total
-------------------------+-------+-------++-------
Melee: Dagger            |    92 |   184 ||   276
 Fire: Blowgun           |       |    17 ||    17
       Hunting sling     |       |     4 ||     4
Throw: Stone             |    20 |     1 ||    21
Evoke: Wand              |       |    11 ||    11
  Use: Scroll            |     2 |     8 ||    10
       Potion            |       |     1 ||     1
 Stab: Sleeping          |     7 |     9 ||    16
       Distracted        |     1 |       ||     1
  Eat: Bread ration      |     1 |       ||     1
       Meat ration       |       |     1 ||     1
       Beef jerky        |       |     1 ||     1
